Map: Golden Wall LE

Players

Serral

  • Race: Zerg Zerg
  • League: Grandmaster
  • Spawn Location: 5:00

AGOElazer (Elazer) - Winner!

  • Race: Zerg Zerg
  • League: Master
  • Spawn Location: 7:00

Event: Shopify TSL 5

VOD

Have the link to the VOD?

Description

Time

  • Played on: May 17, 2020, 2:14 p.m.
  • Length: 9:18

All games in this series

Show
View Real Time Build Order
Export as new Build Order

Serral Zerg 

Build Orders: Pool First 

Get SALT Encoding   

  12  0:00  Drone  
  13  0:14  Extractor  
  12  0:22  Spawning Pool  
  12  0:28  Drone  
  12  0:33  Drone  
  13  0:38  Drone  
  14  0:49  Overlord  
  14  1:09  Queen  
  14  1:10  Zergling x2  
  17  1:17  Metabolic Boost  
  17  1:21  Zergling x2  
  18  1:26  Zergling x2  
  18  1:29  Zergling x2  
  18  1:32  Zergling x2  
  21  1:56  Hatchery  
  20  2:04  Overlord  
  20  2:09  Zergling x2  
  20  2:12  Zergling x2  
  22  2:23  Zergling x4  
  22  2:25  Zergling x2  
  22  2:29  Zergling x2  
  26  2:35  Zergling x2  
  27  2:44  Queen  
  26  2:48  Drone  
  28  3:02  Zergling x4  
  28  3:03  Zergling x2  
  28  3:10  Zergling x4  
  30  3:19  Drone x2  
  31  3:25  Drone x2  
  32  3:34  Spine Crawler  
  32  3:36  Drone  
  32  3:39  Drone  
  32  3:43  Drone  
  32  3:47  Drone  
  34  3:53  Overlord  
  33  4:04  Drone  
  33  4:07  Drone  
  35  4:13  Drone x2  
  35  4:14  Drone x2  
  39  4:22  Overlord  
  39  4:23  Drone x2  
  41  4:36  Drone x2  
  43  4:39  Overlord  
  43  4:43  Evolution Chamber  
  42  4:49  Drone x2, Roach Warren  
  42  4:51  Drone x2  
  45  4:53  Extractor  
  45  4:57  Drone x2  
  47  5:00  Drone  
  47  5:05  Drone  
  48  5:07  Drone  
  48  5:09  Zerg Missile Weapons Level 1  
  48  5:10  Drone  
  48  5:11  Drone  
  50  5:20  Lair  
  50  5:22  Drone x3  
  50  5:23  Extractor  
  50  5:26  Drone  
  53  5:29  Roach x2  
  57  5:41  Hatchery  
  56  5:45  Roach  
  56  5:47  Overlord  
  58  5:54  Roach  
  60  6:00  Overlord  
  60  6:05  Roach  
  60  6:06  Roach x3  
  60  6:11  Overlord  
  68  6:16  Overlord  
  68  6:18  Glial Reconstitution, Overseer  
  68  6:23  Drone x4  
  68  6:24  Drone  
  73  6:28  Roach  
  75  6:34  Overlord  
  75  6:39  Roach x4  
  83  6:43  Overlord, Overseer  
  83  6:45  Roach  
  85  6:49  Roach x2  
  85  6:54  Overseer  
  89  6:57  Roach x2  
  93  7:01  Roach x2  
  93  7:07  Roach  
  99  7:12  Overlord  
  99  7:14  Extractor, Drone x3  
  103  7:15  Roach  
  103  7:16  Overseer  
  103  7:19  Roach x2  
  103  7:22  Roach  
  109  7:30  Roach x2  
  109  7:31  Roach  
  109  7:36  Roach  
  117  7:39  Overlord  
  117  7:41  Roach x2  
  121  7:44  Overlord  
  121  7:53  Overlord  
  121  7:55  Roach x2  
  119  8:03  Roach x5  
  108  8:08  Roach x2  
  108  8:09  Roach  
  101  8:12  Roach  
  101  8:13  Roach x3  
  101  8:17  Roach  
  101  8:18  Roach  
  95  8:21  Roach  
  95  8:23  Roach  
  95  8:25  Roach  
  86  8:30  Roach  
  86  8:31  Queen x2  
  86  8:32  Roach  
  86  8:33  Roach  
  82  8:44  Roach x2  
  80  8:55  Roach x2  
Show
View Real Time Build Order
Export as new Build Order

AGOElazer Zerg - Winner!

Build Orders: Hatch First 

Get SALT Encoding   

  12  0:00  Drone  
  13  0:12  Overlord  
  13  0:17  Drone  
  14  0:31  Drone x2  
  16  0:48  Hatchery  
  15  0:51  Drone  
  15  0:55  Drone  
  17  0:58  Drone  
  18  1:08  Extractor  
  17  1:14  Spawning Pool  
  17  1:17  Drone  
  17  1:20  Drone  
  18  1:28  Drone  
  19  1:38  Drone  
  20  1:49  Drone  
  21  2:00  Queen x2, Drone  
  26  2:01  Overlord  
  26  2:08  Metabolic Boost  
  26  2:11  Drone  
  26  2:13  Zergling x2  
  30  2:22  Drone  
  30  2:32  Zergling x2  
  30  2:33  Zergling x2  
  31  2:39  Queen  
  31  2:44  Zergling x4  
  33  2:52  Baneling Nest  
  33  2:53  Zergling x2  
  33  2:59  Zergling x2  
  33  3:05  Zergling x4  
  30  3:23  Queen  
  30  3:27  Zergling x2  
  30  3:28  Overlord  
  30  3:36  Baneling  
  30  3:37  Baneling  
  30  3:47  Zergling x8  
  34  3:49  Zergling x2  
  35  4:02  Hatchery  
  34  4:06  Overlord  
  34  4:10  Drone  
  35  4:21  Drone x3  
  38  4:25  Drone  
  38  4:36  Overlord  
  38  4:47  Drone x4  
  41  4:59  Drone  
  42  5:15  Queen, Drone x2  
  42  5:19  Hatchery  
  42  5:20  Drone  
  46  5:23  Drone x3  
  49  5:31  Overlord  
  49  5:33  Roach Warren  
  48  5:40  Drone x2  
  50  5:45  Evolution Chamber  
  50  5:48  Drone  
  50  5:49  Drone x3  
  53  5:50  Drone x2  
  53  5:54  Drone x2  
  57  6:01  Overlord  
  57  6:05  Extractor, Drone  
  57  6:12  Zerg Missile Weapons Level 1  
  57  6:14  Roach x2  
  57  6:18  Extractor  
  60  6:19  Roach  
  60  6:23  Roach x2  
  60  6:24  Roach x2  
  70  6:27  Overlord  
  70  6:32  Roach x3  
  76  6:40  Overlord  
  76  6:42  Roach x2  
  81  6:47  Drone  
  81  6:48  Roach  
  81  6:53  Roach x3  
  89  6:58  Overlord  
  89  6:59  Roach x2  
  93  7:02  Roach  
  93  7:04  Roach  
  97  7:09  Overlord  
  97  7:12  Overlord  
  97  7:18  Roach x4  
  97  7:22  Overlord  
  105  7:28  Roach  
  105  7:29  Roach x3  
  113  7:34  Zergling x2, Ravager x3  
  113  7:35  Zergling x2  
  118  7:38  Zergling x4  
  118  7:43  Zergling x8  
  122  7:46  Ravager  
  122  7:50  Zergling x8  
  119  7:52  Ravager  
  119  7:58  Zergling x10  
  95  8:13  Roach x5  
  95  8:18  Roach x2  
  98  8:25  Roach  
  98  8:31  Zergling x12  
  100  8:40  Roach x3  
  102  8:46  Roach x2  
  102  8:54  Roach  
Tags
 
Add a new tag
Caveats
  • Supply blocks, unpowered buildings, or Contaminate may cause inaccurate times.
  • Supply counts are checked every 10 seconds.